 Dungeon Crawl Stone Soup version 0.26.1-11-gd32895ea62 (webtiles) character file.

Game seed: 7137117736509833529

58 Groucho the Chiller (level 4, 0/33 HPs)
             Began as a Ghoul Ice Elementalist on July 5, 2021.
             Slain by a hobgoblin (7 damage)
             ... led by Robin
             ... on level 2 of the Dungeon.
             The game lasted 00:02:46 (2372 turns).

Groucho the Chiller (Ghoul Ice Elementalist)        Turns: 2372, Time: 00:02:47

Health: 0/33       AC:  2    Str: 11    XL:     4   Next: 1%
Magic:  1/6        EV: 12    Int: 10    God:
Gold:   49         SH:  0    Dex: 10    Spells: 3/7 levels left

rFire    . . .     SeeInvis .   (no weapon)
rCold    + . .     Faith    .   (no shield)
rNeg     + + +     Spirit   .   a - +0 robe
rPois    ∞         Reflect  .   (no helmet)
rElec    .         Harm     .   (no cloak)
rCorr    .         Rampage  .   (no gloves)
Will     .....                  (no boots)
Stlth    ++........             (no amulet)
HPRegen  0.00/turn              (no ring)
MPRegen  0.10/turn              (no ring)

@: no status effects
A: claws 1, cold resistance 1, negative energy resistance 3, inhibited
regeneration, torment resistance, unbreathing
a: no special abilities


You were on level 2 of the Dungeon.
You visited 1 branch of the dungeon, and saw 2 of its levels.

You collected 49 gold pieces.

Inventory:

Missiles
 c - 42 stones
Armour
 a - a +0 robe (worn)
Scrolls
 d - 2 scrolls of amnesia {unknown}
 e - 2 scrolls of remove curse {unknown}
 g - a scroll of blinking {unknown}
 h - a scroll of identify {unknown}
Potions
 b - a potion of attraction {unknown}
 f - 2 potions of might {unknown}


   Skills:
 + Level 2.3 Dodging
 + Level 3.0 Stealth
 + Level 2.3 Spellcasting
 + Level 4.8 Ice Magic


You had 3 spell levels left.
You knew the following spells:

 Your Spells              Type           Power        Failure   Level
a - Freeze                Ice            40%          4%          1
b - Ozocubu's Armour      Ice            10%          12%         3

Your spell library contained the following spells:

 Spells                   Type           Power        Failure   Level
 Frozen Ramparts          Ice            20%          12%         3
 Hailstorm                Conj/Ice       6%           73%         4
 Summon Ice Beast         Ice/Summ       6%           73%         4


Dungeon Overview and Level Annotations

Branches:
Dungeon (2/15)

Altars:


Innate Abilities, Weirdness & Mutations

You thrive by killing the living.
You are immune to poison.
You have sharp fingernails.
Your flesh is cold resistant. (rC+)
You are immune to negative energy. (rN+++)
You do not regenerate when monsters are visible.
You are immune to unholy pain and torment.
You can survive without breathing.


Message History

You scratch Robin.
Robin is almost dead.
The goblin closely misses you. Robin closely misses you.
You scratch Robin.
You kill Robin!
The goblin closely misses you.
Your Stealth skill increases to level 3!
You have reached level 4!
Unknown command.
You barely miss the hobgoblin. The goblin misses you. The hobgoblin hits you.
You scratch the hobgoblin.
The hobgoblin is almost dead.
The goblin hits you. The hobgoblin hits you.
You are too injured to fight recklessly!
You are too injured to fight recklessly!
You are too injured to fight recklessly!
You barely miss the goblin. The goblin hits you.
* * * LOW HITPOINT WARNING * * *
The hobgoblin hits you!
You die...

#.# #.# #.# #.. #.#
######g# #### #...##g# #..
###...##@# #.##
#.#...##g###..###
#......#........#### ##.
#..###.##<..............#
#..###.#####..#..###.##.#
##.......................#
#..)###.#####....##.#.##.#
#.........................
#...#.#....[........#.##..


You could see 2 hobgoblins and a goblin (strong).

Vanquished Creatures
  Robin (D:2)
  A worm (D:2)
  2 dart slugs (D:1)
  7 giant cockroaches
  9 goblins
  4 hobgoblins
  5 kobolds
  A quokka (D:2)
  A bat (D:1)
  2 frilled lizards (D:1)
  3 rats
36 creatures vanquished.

Notes
Turn   | Place    | Note
-------+----------+-------------------------------------------
     0 | D:1      | Groucho the Ghoul Ice Elementalist began the quest for the
                  | Orb.
     0 | D:1      | Reached XP level 1. HP: 14/14 MP: 2/2
   172 | D:1      | Reached XP level 2. HP: 17/20 MP: 3/3
  1292 | D:1      | Reached XP level 3. HP: 26/26 MP: 5/5
  1299 | D:1      | Learned a level 3 spell: Ozocubu's Armour
  2357 | D:2      | Noticed Robin
  2369 | D:2      | Killed Robin
  2370 | D:2      | Reached XP level 4. HP: 24/33 MP: 1/6
  2372 | D:2      | Slain by a hobgoblin

Illustrated notes

Levels and vault maps discovered:
D:1:      matt_arrival_refuge, layout_rooms, minmay_worlds_worst_comb
D:2:      layout_basic, serial_curves, eino_curves_03, eino_curves_01,
          uniq_robin

Skill      XL: |  1  2  3 |
---------------+----------+-----
Dodging        | 2 |  2.3
Spellcasting   | 2 |  2.3
Stealth        | 3 |  3.0
Ice Magic      | |  4.8

Action                   |  1- 3 |  4- 6 || total
-------------------------+-------+-------++-------
Melee: Unarmed           |   158 |     3 ||   161
 Cast: Freeze            |    10 |       ||    10
 Stab: Sleeping          |     8 |       ||     8
Armor: Robe              |    26 |       ||    26
Dodge: Dodged            |    96 |     1 ||    97
